 Dungeon Crawl Stone Soup version 0.24.0-125-gc4c63601f3 (webtiles) character file.

Game seed: 7840627403312407403, levelgen mode: deterministic

103502 mortelune the Scorcher (level 15, -1/88 HPs)
             Began as a Deep Elf Fire Elementalist on Feb 21, 2020.
             Was a High Priest of Vehumet.
             Slain by Asterion
             ... wielding a +4 demon trident of pain
              (18 damage)
             ... on level 1 of the Snake Pit.
             The game lasted 01:50:37 (43570 turns).

mortelune the Scorcher (DEFE)                      Turns: 43570, Time: 01:50:37

Health: -1/88      AC: 15    Str: 11    XL:     15   Next: 89%
Magic:  5/35       EV: 20    Int: 36    God:    Vehumet [*****.]
Gold:   1943       SH:  8    Dex: 15    Spells: 2/43 levels left

rFire    + . .     SeeInvis +   U - staff of energy
rCold    + + .     Gourm    .   q - +0 buckler
rNeg     . . .     Faith    .   l - +0 acid dragon scales
rPois    +         Spirit   .   d - +1 hat {Int+3}
rElec    +         Reflect  +   P - +2 cloak "Liodgh" {rElec rPois rF+}
rCorr    +         Harm     .   z - +0 pair of gloves of Xom's Supremacy {*Contam Str+2 Int+10 SInv}
MR       +....                  a - +2 pair of boots {Stlth+}
Stlth    +++.......             O - amulet of Etoni {Reflect rElec rC+ Slay+3 SH+3}
HPRegen  0.24/turn              u - ring of protection from cold
MPRegen  0.24/turn              p - ring of resist corrosion

@: no status effects
A: no striking features
a: Renounce Religion


You were on level 1 of the Snake Pit.
You worshipped Vehumet.
Vehumet was extremely pleased with you.
You were not hungry.

You visited 5 branches of the dungeon, and saw 25 of its levels.
You also visited: Gauntlet, Ice Cave and Volcano.

You collected 2602 gold pieces.
You spent 659 gold pieces at shops.

Inventory:

Hand Weapons
 w - a +5 flail of venom
Armour
 a - a +2 pair of boots of stealth (worn)
 d - a +1 hat of intelligence (worn)
 l - +0 acid dragon scales (worn)
 q - a +0 buckler (worn)
 z - the +0 pair of gloves of Xom's Supremacy (worn) {*Contam Str+2 Int+10 SInv}
   (You found it on level 6 of the Dungeon)

   It affects your strength (+2).
   It affects your intelligence (+10).
   It lets you see invisible.
   It causes magical contamination when unequipped.
 L - a scarf of repulsion
 P - the +2 cloak "Liodgh" (worn) {rElec rPois rF+}
   (You bought it in a shop on level 2 of the Orcish Mines)

   It protects you from fire.
   It insulates you from electricity.
   It protects you from poison.
 X - the +1 robe of Valour {rElec}
   (You found it on level 2 of the Lair of Beasts)

   It insulates you from electricity.
Magical Staves
 G - an uncursed staff of earth
 U - an uncursed staff of energy (weapon)
Jewellery
 b - the ring "Syfoenup" {Ice *Drain +Blink rElec rPois}
   (You found it in an ice cave)

   [ring of ice]

   It enhances your ice magic.
   It makes you vulnerable to fire.
   It protects you from cold.
   It insulates you from electricity.
   It protects you from poison.
   It lets you blink.
   It causes draining when unequipped.
 p - a ring of resist corrosion (right hand)
 u - a ring of protection from cold (left hand)
 B - an uncursed amulet of magic regeneration
 N - an uncursed ring of positive energy
 O - the amulet of Etoni (around neck) {Reflect rElec rC+ Slay+3 SH+3}
   (You acquired it in a volcano)

   [amulet of reflection]

   It shields you and reflects attacks.
   It affects your accuracy and damage with ranged weapons and melee attacks
   (+3).
   It protects you from cold.
   It insulates you from electricity.
   It affects your SH (+3).
Wands
 r - a wand of digging (7)
 x - a wand of enslavement (10)
 C - a wand of iceblast (13)
 D - a wand of random effects (40)
 I - a wand of paralysis (7)
 R - a wand of acid (21)
 Y - a wand of polymorph (13)
Scrolls
 h - a scroll of magic mapping
 i - 2 scrolls of holy word
 j - 2 scrolls of fear
 n - 5 scrolls of identify
 o - 5 scrolls of remove curse
 y - 2 scrolls of vulnerability
 F - 3 scrolls of amnesia
 H - 6 scrolls of enchant weapon
 K - a scroll of enchant armour
 Q - a scroll of silence
 S - 2 scrolls of immolation
 T - 7 scrolls of teleportation
 W - a scroll of fog {unknown}
Potions
 e - 5 potions of lignification
 f - 3 potions of berserk rage
 g - 2 potions of magic
 k - 2 potions of brilliance
 m - 2 potions of ambrosia
 s - a potion of might
 t - 3 potions of haste
 v - 3 potions of heal wounds
 A - 5 potions of curing
 E - a potion of mutation
 J - 4 potions of agility
 M - a potion of resistance
 V - a potion of flight
 Z - a potion of invisibility
Comestibles
 c - 38 rations


   Skills:
 + Level 8.1 Fighting
 * Level 2.1 Staves
 + Level 4.5 Armour
 - Level 13.3 Dodging
 - Level 2.4 Stealth
 - Level 4.0 Shields
 * Level 14.8 Spellcasting
 - Level 11.3 Conjurations
 + Level 15.7 Fire Magic
 - Level 5.9 Air Magic
 * Level 9.9 Earth Magic


You had 2 spell levels left.
You knew the following spells:

 Your Spells              Type           Power        Failure   Level  Hunger
a - Flame Tongue          Conj/Fire      #####        0%          1    None
b - Ignition              Fire           #######...   6%          8    None
c - Conjure Flame         Conj/Fire      #######.     1%          3    None
d - Sticky Flame          Conj/Fire      #######.     1%          4    None
e - Fireball              Conj/Fire      #######...   1%          5    None
f - Iron Shot             Conj/Erth      #######...   1%          6    None
g - Blink                 Tloc           N/A          3%          2    None
q - Mephitic Cloud        Conj/Pois/Air  ######..     1%          3    None
s - Bolt of Magma         Conj/Fire/Erth #######...   1%          5    None
z - Airstrike             Air            ######....   1%          4    None

Your spell library contained the following spells:

 Spells                   Type           Power        Failure   Level  Hunger
 Orb of Destruction       Conj           #######...   4%          7    None
 Magic Dart               Conj           ####         0%          1    None
 Throw Flame              Conj/Fire      ######       0%          2    None
 Confusing Touch          Hex            ####..       2%          1    None
 Corona                   Hex            ####...      2%          1    None
 Call Imp                 Summ           ####....     3%          2    None
 Slow                     Hex            ####....     3%          2    None
 Inner Flame              Hex/Fire       ######..     1%          3    None
 Static Discharge         Conj/Air       ######..     1%          3    None
 Lightning Bolt           Conj/Air       ######....   1%          5    None
 Leda's Liquefaction      Hex/Erth       ######....   2%          4    None
 Portal Projectile        Hex/Tloc       ####..       6%          3    None
 Recall                   Summ/Tloc      N/A          6%          3    None
 Borgnjor's Vile Clutch   Necr/Erth      ######....   8%          5    None
 Animate Dead             Necr           N/A          22%         4    None
 Cause Fear               Hex            ####......   22%         4    None
 Metabolic Englaciation   Hex/Ice        ####......   52%         5    None
 Death Channel            Necr           ####......   97%         6    None
 Invisibility             Hex            ####....     97%         6    None
 Simulacrum               Ice/Necr       ####......   97%         6    None
 Shatter                  Erth           #######...   100%        9    None
 Tornado                  Air            ######....   100%        9    None


Dungeon Overview and Level Annotations

Branches:
Dungeon (15/15)            Temple (1/1) D:6            Lair (6/6) D:9
 Shoals (0/4) Lair:3        Snake (1/4) Lair:3        Slime (0/5) Lair:5
    Orc (2/2) D:9             Elf (0/3) Orc:2        Vaults (0/5) D:14
 Depths (0/5) D:15          IceCv (visited)         Volcano (visited)
Gauntlet (visited)

Altars:
Ashenzari
Cheibriados
Dithmenos
Fedhas
Makhleb
Okawaru
Trog
Uskayaw
Vehumet
Xom
Zin
The Shining One
Beogh

Shops:
D:9 [   Orc:2 *(([:

Annotations:
D:2 1 runed translucent door, Crazy Yiuf
D:7 2 transporters, YannSP's ghost, novice FoFi
Lair:4 1 runed translucent door, Duffuska's ghost, journeyman DrTm
Lair:6 Kirke
Snake:1 1 runed translucent door, Asterion


Message History

Asterion closely misses you. Asterion hits you but does no damage.
You writhe in agony.
Asterion misses you.
Asterion conjures a destructive force in the name of Makhleb!
The bolt of lightning hits you! You resist.
Asterion conjures a destructive force in the name of Makhleb!
The iron shot hits you!!
Asterion hits you from afar with a +4 demon trident of pain!
You writhe in agony.
A naga mage comes into view. It is wielding a +0 quarterstaff.
Asterion hits you with a +4 demon trident of pain!
* * * LOW HITPOINT WARNING * * *
You writhe in agony!
* * * LOW HITPOINT WARNING * * *
Asterion closely misses you.
As you read the scroll of fear, it crumbles to dust.
You assume a fearsome visage.
Asterion resists with almost no effort.
The naga mage looks frightened!
Asterion hits you with a +4 demon trident of pain!!
You die...

....## ......#
..N....## ##......##
### #........##
#≈#####
..##.....####≈≈≈≈≈##
#
##......#####.≈≈####
###.H....## ##....##
..##...@.....#
#....##
.............##
##....#
..............#
#....#
..............#
#....#
..............#
##....
.....#.......).#
#....
#...........)..#
##....
#.............##
#....#
##...##........#
##....#


You could see Asterion and a naga mage (fleeing).

Vanquished Creatures
  A frost giant (IceCv)
  An orc warlord (Orc:2)
  Nessos (D:12)
  A minotaur (Gauntlet)
  A dire elephant (D:15)
  A green death (Gauntlet)
  Fannar (Lair:1)
  Harold (D:9)
  A vault guard (D:14)
  5 hydras
  7 two-headed ogres
  A centaur warrior (D:10)
  5 anacondas (Snake:1)
  A death knight (D:13)
  A catoblepas (D:13)
  A tengu warrior (D:13)
  4 death yaks (Lair:5)
  2 orc high priests (Orc:2)
  An ogre mage (D:15)
  3 shock serpents
  A fire crab (Lair:6)
  Nergalle (Lair:4)
  A skeletal warrior (D:13)
  2 naga ritualists (Snake:1)
  A glowing orange brain (D:14)
  An orc knight (Orc:1)
  Pikel (D:8)
  A wolf spider zombie (D:13)
  9 ugly things
  A wolf spider (D:14)
  A mana viper (Lair:3)
  An orc sorcerer (Orc:2)
  A salamander (Volcano)
  4 cyclopes
  A salamander (shapeshifter) (D:14)
  A moth of wrath (Gauntlet)
  3 deep elf magi
  An ice statue (IceCv)
  14 black mambas
  A guardian serpent (Snake:1)
  A merfolk siren (Lair:3)
  11 spiny frogs
  3 naga magi
  3 centaur skeletons
  An orange demon (Gauntlet)
  A gargoyle (D:10)
  A rime drake (IceCv)
  4 kobold demonologists
  7 komodo dragons
  A yaktaur (D:15)
  2 freezing wraiths
  4 demonic crawlers (D:14)
  A tengu conjurer (D:13)
  2 ice devils (D:13)
  7 trolls
  3 meliai (D:13)
  21 polar bears
  4 merfolk
  3 hornets
  Grinder (D:3)
  Prince Ribbit (D:6)
  11 blink frogs
  A slime creature (D:11)
  9 dream sheep
  8 hippogriffs
  A meliai zombie (D:12)
  3 wyverns
  2 vampires
  2 shadows (D:14)
  A wraith (D:10)
  48 yaks
  3 hungry ghosts
  2 basilisks
  A golden eye (shapeshifter) (D:13)
  4 chaos spawn
  5 vampire mosquitoes
  A neqoxec (Gauntlet)
  2 acid dragons
  2 soldier ants (D:12)
  9 wargs
  3 small abominations (D:14)
  Edmund (D:6)
  6 nagas (Snake:1)
  11 water moccasins
  12 porcupines
  A floating eye (D:14)
  5 ice beasts
  3 sky beasts
  38 orc warriors
  2 black bears
  A hornet zombie (D:11)
  3 eyes of draining
  2 phantoms
  12 ogres
  27 wolves
  15 centaurs
  9 crocodiles
  Blork the orc (D:4)
  6 big kobolds
  28 bullfrogs
  2 wyvern skeletons
  3 scorpions
  A water moccasin skeleton (D:12)
  7 wights
  14 killer bees
  10 electric eels
  2 howler monkeys (D:10)
  9 crimson imps
  3 centaur zombies
  A lava snake (Lair:5)
  3 quasits
  4 hounds
  6 jellies
  19 orc priests
  4 bullfrog skeletons
  31 orc wizards
  3 iguanas
  Natasha (thrice) (D:2)
  15 worker ants
  A hound zombie (D:4)
  A worker ant zombie (D:7)
  A howler monkey zombie (D:5)
  15 gnolls
  13 adders
  3 shadow imps
  6 oozes
  3 adder zombies
  2 adder skeletons
  A worm (D:4)
  2 dart slugs
  8 leopard geckos
  112 orcs
  A ball python (D:1)
  16 giant cockroaches
  10 goblins
  10 hobgoblins
  9 jackals
  5 quokkas
  6 bats
  7 frilled lizards
  47 kobolds
  A quokka skeleton (D:8)
  13 rats
  4 demonic plants (Gauntlet)
  4 plants
911 creatures vanquished.

Vanquished Creatures (others)
  A two-headed ogre (Volcano)
  A polar bear (IceCv)
  4 yaks (IceCv)
  A centaur (Volcano)
  A wolf (IceCv)
  A hound skeleton (D:8)
  A howler monkey skeleton (D:5)
  20 demonic plants (Gauntlet)
  3 fungi
  4 plants (Lair:3)
37 creatures vanquished.

Grand Total: 948 creatures vanquished

Notes
Turn   | Place    | Note
-------+----------+-------------------------------------------
     0 | D:1      | mortelune the Deep Elf Fire Elementalist began the quest
                  | for the Orb.
     0 | D:1      | Reached XP level 1. HP: 10/10 MP: 6/6
   282 | D:1      | Reached XP level 2. HP: 15/15 MP: 5/8
   286 | D:1      | Learned a level 2 spell: Throw Flame
   778 | D:1      | Reached XP level 3. HP: 19/19 MP: 6/9
   783 | D:1      | Learned a level 3 spell: Conjure Flame
  1243 | D:2      | Noticed Natasha
  1414 | D:2      | Found a runed translucent door.
  1415 | D:2      | Noticed Crazy Yiuf
  1549 | D:2      | Killed Natasha
  1549 | D:2      | Reached skill level 4 in Fire Magic
  1549 | D:2      | Reached XP level 4. HP: 3/24 MP: 4/11
  1810 | D:2      | Learned a level 4 spell: Sticky Flame
  1946 | D:2      | Noticed Natasha
  1971 | D:2      | Killed Natasha
  2183 | D:2      | Noticed Natasha
  2194 | D:2      | Killed Natasha
  2283 | D:2      | Found a glowing golden altar of the Shining One.
  2404 | D:2      | Reached XP level 5. HP: 28/28 MP: 7/12
  3765 | D:3      | Noticed Grinder
  3766 | D:3      | Paralysed by Grinder for 7 turns
  3784 | D:3      | Paralysed by Grinder for 6 turns
  3790 | D:3      | HP: 1/28 [Grinder (6)]
  3792 | D:3      | Killed Grinder
  3792 | D:3      | Reached skill level 1 in Fighting
  3792 | D:3      | Reached skill level 5 in Fire Magic
  3792 | D:3      | Reached XP level 6. HP: 8/34 MP: 11/14
  4677 | D:4      | Noticed Blork the orc
  4911 | D:5      | Entered Level 5 of the Dungeon
  5001 | D:5      | Noticed an ice beast
  5028 | D:5      | Killed an ice beast
  5028 | D:5      | Reached XP level 7. HP: 38/38 MP: 3/16
  5185 | D:5      | Learned a level 5 spell: Fireball
  5370 | D:5      | Reached skill level 5 in Spellcasting
  5830 | D:4      | Killed Blork the orc
  5830 | D:4      | Reached skill level 5 in Conjurations
  5830 | D:4      | Reached skill level 6 in Fire Magic
  6903 | D:4      | Reached skill level 5 in Dodging
  6903 | D:4      | Reached XP level 8. HP: 25/43 MP: 1/18
  7645 | D:5      | Found a blossoming altar of Fedhas.
  7692 | D:5      | Reached skill level 7 in Fire Magic
  8026 | D:5      | Found a bloodstained altar of Trog.
  8317 | D:6      | Noticed Prince Ribbit
  8324 | D:6      | Killed Prince Ribbit
  9057 | D:6      | Noticed Edmund
  9077 | D:6      | Killed Edmund
  9077 | D:6      | Reached skill level 8 in Fire Magic
  9257 | D:6      | Found a staircase to the Ecumenical Temple.
  9268 | Temple   | Entered the Ecumenical Temple
  9295 | Temple   | Became a worshipper of Vehumet
  9479 | D:6      | Reached XP level 9. HP: 41/47 MP: 11/21
  9553 | D:6      | Got a pair of transparent gloves
  9559 | D:6      | Identified the cursed +0 pair of gloves of Xom's Supremacy
                  | {*Contam Str+2 Int+10 SInv} (You found it on level 6 of the
                  | Dungeon)
 10269 | D:7      | Found a transporter.
 10278 | D:7      | Found a bloodstained altar of Trog.
 10283 | D:7      | Found a transporter.
 10285 | D:7      | Noticed YannSP's ghost (novice FoFi)
 10312 | D:7      | Noticed a moth of wrath
 11149 | D:8      | Reached skill level 9 in Fire Magic
 11152 | D:8      | Noticed Pikel
 11176 | D:8      | Killed Pikel
 11483 | D:9      | Found a glowing silver altar of Zin.
 11483 | D:9      | Noticed a two-headed ogre
 11493 | D:8      | Killed a two-headed ogre
 11493 | D:8      | Reached XP level 10. HP: 34/55 MP: 0/24
 11748 | D:9      | Reached * piety under Vehumet
 11748 | D:9      | Offered knowledge of Magic Dart by Vehumet.
 11897 | D:8      | Learned a level 1 spell: Magic Dart
 12000 | D:9      | Found a staircase to the Orcish Mines.
 12118 | D:9      | Offered knowledge of Searing Ray by Vehumet.
 12123 | D:9      | Reached ** piety under Vehumet
 12257 | D:9      | Learned a level 2 spell: Blink
 12261 | D:9      | Learned a level 3 spell: Mephitic Cloud
 12280 | D:9      | Reached skill level 10 in Fire Magic
 12475 | D:9      | Noticed Harold
 12489 | D:9      | Killed Harold
 12489 | D:9      | Reached skill level 1 in Air Magic
 12855 | D:9      | Offered knowledge of Ignite Poison by Vehumet.
 12966 | D:9      | Identified a scroll of acquirement
 13022 | D:9      | Found Tilig's Armour Emporium.
 13093 | D:9      | Found a staircase to the Lair.
 13205 | D:10     | Entered Level 10 of the Dungeon
 13353 | D:10     | Reached *** piety under Vehumet
 13455 | D:10     | Noticed a centaur warrior
 13459 | D:10     | Killed a centaur warrior
 13459 | D:10     | Reached XP level 11. HP: 21/61 MP: 7/26
 13900 | D:10     | Offered knowledge of Airstrike by Vehumet.
 13906 | D:10     | Learned a level 4 spell: Airstrike
 14244 | D:10     | Reached skill level 10 in Conjurations
 14303 | D:10     | Reached skill level 11 in Fire Magic
 14422 | D:10     | Reached skill level 1 in Armour
 14589 | Lair:1   | Entered Level 1 of the Lair of Beasts
 15274 | Lair:1   | Noticed Fannar
 15286 | Lair:1   | Killed Fannar
 15999 | Lair:2   | Reached skill level 10 in Spellcasting
 16178 | Lair:2   | Got a wizard robe
 16189 | Lair:2   | Identified the cursed +1 robe of Valour {rElec} (You found
                  | it on level 2 of the Lair of Beasts)
 16227 | Lair:1   | Reached **** piety under Vehumet
 16750 | Lair:2   | Offered knowledge of Bolt of Magma by Vehumet.
 16833 | Lair:1   | Learned a level 5 spell: Bolt of Magma
 17039 | Lair:2   | Reached skill level 12 in Fire Magic
 17042 | Lair:2   | Reached XP level 12. HP: 59/66 MP: 9/28
 17805 | Lair:3   | Found a gate leading to a gauntlet.
 17810 | Lair:3   | Found a staircase to the Snake Pit.
 17818 | Gauntlet | Entered a Gauntlet
 17818 | Gauntlet | Found a transporter.
 17833 | Gauntlet | Found a transporter.
 17848 | Gauntlet | Found a transporter.
 17850 | Gauntlet | Found a large runed translucent door.
 17850 | Gauntlet | Found a large runed translucent door.
 17851 | Gauntlet | Found a large runed translucent door.
 17851 | Gauntlet | Found a large runed translucent door.
 17852 | Gauntlet | Found a large runed translucent door.
 17852 | Gauntlet | Found a large runed translucent door.
 17852 | Gauntlet | Found a runed translucent door.
 17852 | Gauntlet | Found a runed translucent door.
 17852 | Gauntlet | Found a large runed translucent door.
 17853 | Gauntlet | Found a transporter.
 17868 | Gauntlet | Found a transporter.
 17883 | Gauntlet | Found a large runed translucent door.
 17884 | Gauntlet | Found a large runed translucent door.
 17885 | Gauntlet | Found a large runed translucent door.
 17885 | Gauntlet | Found a large runed translucent door.
 17886 | Gauntlet | Found a runed translucent gate.
 17887 | Gauntlet | Found a transporter.
 17887 | Gauntlet | Found a runed translucent gate.
 17888 | Gauntlet | Found a runed translucent gate.
 17889 | Gauntlet | Found a large runed translucent door.
 17889 | Gauntlet | Found a large runed translucent door.
 17890 | Gauntlet | Found a large runed translucent door.
 17891 | Gauntlet | Found a large runed translucent door.
 17899 | Gauntlet | Found a transporter.
 17899 | Gauntlet | Noticed a green death
 17911 | Gauntlet | Found a transporter.
 17926 | Gauntlet | Found a transporter.
 17935 | Gauntlet | Found a transporter.
 17938 | Gauntlet | Noticed a death ooze
 17953 | Gauntlet | Found a transporter.
 17971 | Gauntlet | Found a transporter.
 17973 | Gauntlet | Found a transporter.
 17998 | Gauntlet | Found a transporter.
 18000 | Gauntlet | Found a transporter.
 18020 | Gauntlet | Found a transporter.
 18094 | Gauntlet | Found a large runed translucent door.
 18098 | Gauntlet | Found a transporter.
 18118 | Gauntlet | Found a transporter.
 18290 | Gauntlet | Reached skill level 5 in Air Magic
 18493 | Gauntlet | Killed a green death
 18738 | Gauntlet | Noticed a minotaur
 18760 | Gauntlet | HP: 3/66 [minotaur/javelin (25)]
 18782 | Gauntlet | Killed a minotaur
 18782 | Gauntlet | Reached skill level 10 in Dodging
 19074 | Lair:3   | Noticed a five-headed hydra
 19080 | Lair:3   | Killed a five-headed hydra
 19239 | Lair:3   | Reached skill level 13 in Fire Magic
 19517 | Lair:3   | Found a staircase to the Shoals.
 19520 | Lair:3   | Reached ***** piety under Vehumet
 19730 | Lair:3   | Offered knowledge of Iron Shot by Vehumet.
 19902 | Lair:3   | Got a spiked helmet
 19913 | Lair:3   | Identified the cursed +0 helmet of Duty {rElec} (You found
                  | it on level 3 of the Lair of Beasts)
 20230 | Lair:4   | Found a runed translucent door.
 20230 | Lair:4   | Noticed Duffuska's ghost (journeyman DrTm)
 20293 | Lair:4   | Noticed a five-headed hydra
 20296 | Lair:4   | Killed a five-headed hydra
 20419 | Lair:4   | Noticed Nergalle
 20423 | Lair:4   | Killed Nergalle
 20423 | Lair:4   | Reached XP level 13. HP: 70/70 MP: 15/30
 20431 | Lair:4   | Learned a level 6 spell: Iron Shot
 21316 | Lair:4   | Reached skill level 1 in Earth Magic
 21618 | Lair:5   | Reached skill level 5 in Fighting
 21837 | Lair:5   | You fall into a shaft and drop 1 floor!
 21837 | Lair:6   | Entered Level 6 of the Lair of Beasts
 21859 | Lair:6   | Found a dark tunnel.
 21869 | Volcano  | Entered a volcano
 21892 | Volcano  | Got a warped jade amulet
 21893 | Volcano  | Identified the amulet of Etoni {Reflect rElec rC+ Slay+3
                  | SH+3} (You acquired it in a volcano)
 22539 | Lair:5   | Found a staircase to the Slime Pits.
 23329 | Lair:6   | Noticed Kirke
 24473 | D:11     | Offered knowledge of Bolt of Fire by Vehumet.
 24712 | D:11     | Reached skill level 5 in Earth Magic
 24723 | D:11     | Reached skill level 14 in Fire Magic
 25379 | D:12     | Noticed Nessos
 25382 | D:12     | Killed Nessos
 26215 | D:12     | Reached XP level 14. HP: 80/80 MP: 5/32
 27119 | D:12     | Found a blossoming altar of Fedhas.
 27708 | Orc:1    | Entered Level 1 of the Orcish Mines
 28225 | Orc:1    | Reached skill level 1 in Shields
 29039 | Orc:2    | Entered Level 2 of the Orcish Mines
 29079 | Orc:2    | Offered knowledge of Yara's Violent Unravelling by Vehumet.
 29270 | Orc:2    | Found a staircase to the Elven Halls.
 29353 | Orc:2    | Found a roughly hewn altar of Beogh.
 29362 | Orc:2    | Found Nokhu's Book Emporium.
 30539 | Orc:2    | Found a roughly hewn altar of Beogh.
 30595 | Orc:2    | Found Isush's Antique Weapon Shoppe.
 30854 | Orc:2    | Noticed an orc warlord
 30889 | Orc:2    | Killed an orc warlord
 31097 | Orc:2    | Found Veth's Antique Armour Shoppe.
 31098 | Orc:2    | Found a roughly hewn altar of Beogh.
 31100 | Orc:2    | Found Aprups's Antique Weapon Emporium.
 31110 | Orc:2    | Bought a fine cloak for 209 gold pieces
 31149 | Orc:2    | Identified the +2 cloak "Liodgh" {rElec rPois rF+} (You
                  | bought it in a shop on level 2 of the Orcish Mines)
 31423 | Orc:2    | Found a roughly hewn altar of Beogh.
 31440 | Orc:2    | Found Fetidyra's Assorted Antiques.
 31482 | Orc:2    | Offered knowledge of Freezing Cloud by Vehumet.
 31767 | Orc:2    | Bought a scroll of teleportation for 90 gold pieces
 31767 | Orc:2    | Bought a scroll of identify for 60 gold pieces
 31767 | Orc:2    | Bought a potion of haste for 300 gold pieces
 31790 | Orc:2    | Found a roughly hewn altar of Beogh.
 31804 | Orc:2    | Found a roughly hewn altar of Beogh.
 32043 | D:13     | Found a frozen archway.
 32054 | IceCv    | Entered an ice cave
 33636 | IceCv    | Noticed a frost giant
 33759 | IceCv    | Killed a frost giant
 33831 | IceCv    | Got a coiled wooden ring
 33835 | IceCv    | Identified the ring "Syfoenup" {Ice *Drain +Blink rElec
                  | rPois} (You found it in an ice cave)
 34871 | D:12     | Reached skill level 15 in Fire Magic
 34877 | D:12     | Offered knowledge of Conjure Ball Lightning by Vehumet.
 36160 | D:13     | Reached XP level 15. HP: 86/86 MP: 10/34
 37216 | D:14     | Found a gate to the Vaults.
 37946 | D:14     | Identified Athret's Reference Book on the Birds and Curses
 38517 | D:14     | Found a shimmering altar of Xom.
 38518 | D:14     | Found the +7 mace of Variability {chain chaos}
 39486 | D:15     | Entered Level 15 of the Dungeon
 40541 | D:15     | Offered knowledge of Orb of Destruction by Vehumet.
 41723 | D:15     | Found a staircase to the Depths.
 41745 | D:15     | Learned a level 8 spell: Ignition
 41984 | Snake:1  | Entered Level 1 of the Snake Pit
 42477 | Snake:1  | Reached skill level 1 in Staves
 43354 | Snake:1  | Found a runed translucent door.
 43554 | Snake:1  | Noticed Asterion
 43570 | Snake:1  | Slain by Asterion

Levels and vault maps discovered:
D:1:      scummos_arrival_hexagon, layout_basic, serial_forest,
          infiniplex_forest_lined_room_3, infiniplex_forest_lined_corner,
          infiniplex_forest_lined_2, infiniplex_forest_diagonal,
          serial_park_tiny_1
D:2:      layout_rooms, tso_altar, uniq_crazy_yiuf_cottage, uniq_natasha
D:3:      minmay_roachtagon, layout_basic, first_ration, serial_bayou_lagoon_a,
          minmay_crystal_room, uniq_grinder
D:4:      layout_cave_pools, uniq_blork_the_orc
D:5:      layout_layer_cave, bloody_trog, fedhas_altar_2
D:6:      kennysheep_kobold_camp, layout_basic, minmay_temple_entry_slanted,
          uniq_prince_ribbit1, uniq_edmund
D:7:      layout_loops_corners, gammafunk_ghost_wrathful_warriors
D:8:      layout_basic, uniq_pikel
D:9:      wad_river_or_something, layout_irregular_city,
          grunt_lair_entry_orc_guard_hut, david_orc_2, serial_shops, shop,
          basic_altar, uniq_harold
D:10:     layout_stronghold, serial_column_ruins, column_ruins_open_tiny,
          column_ruins_corridor_straight, column_ruins_corridor_dead_end,
          column_ruins_grid_3, column_ruins_grid_3
D:11:     layout_stronghold, hangedman_little_slice_of_home
D:12:     layout_basic, basic_altar, minmay_joined_circles, uniq_nessos
D:13:     layout_layer_cave, portal_ice_cave_demonic_guard
D:14:     cheibrodos_hippocracy, layout_basic, david_vaults_5, minivault_11,
          nrook_campfire, minmay_guarded_unrand_variability
D:15:     hangedman_depths_entry_try_elsewhere_first, layout_loops_cross,
          palyth_stone_intersect
Temple:   regret_index_temple_sigil_plot
Lair:1:   layout_long_grid, uniq_fannar
Lair:2:   layout_regular_city
Lair:3:   wad_woods_pond, layout_chaotic_city, elwin_shoals_entry_stream,
          gauntlet_entry_generic
Lair:4:   layout_cave_pods, ebering_ghost_inner_flame, uniq_nergalle
Lair:5:   layout_gridlike, slime_dummy, grunt_megastairs_2
Lair:6:   evilmike_catoblepas_cave, layout_layer_cave,
          nicolae_volcano_entry_two_sided, nicolae_quartered_pool_medium,
          uniq_kirke
Snake:1:  layout_onion, nicolae_snake_squiggles, st_stairs_2, lightli_airlock,
          uniq_asterion
Orc:1:    layout_caves, nooodl_orcs_dogs
Orc:2:    grunt_orc_community_town_hall, layout_diamond_mine,
          grunt_orc_community_big_house_2, grunt_orc_community_big_house_1,
          grunt_orc_community_house_2, grunt_orc_community_house_2,
          grunt_orc_community_house_3, grunt_orc_community_house_1,
          grunt_orc_community_house_3, grunt_orc_community_house_1,
          serial_shops, shop

Skill      XL: |  1  2  3  4  5  6  7  8  9 10 11 12 13 14 15 |
---------------+----------------------------------------------+-----
Conjurations   | 2 3 4 5 7 9 10 11 | 11.3
Dodging        | 3 4 5 6 7 8 9 10 12 13 | 13.3
Fire Magic     | 4 5 6 8 9 10 12 13 14 15 | 15.7
Spellcasting   | 4 5 6 8 9 10 11 12 13 14 | 14.8
Fighting       | 1 2 4 6 7 8 |  8.1
Air Magic      | 2 4 5 |  5.9
Armour         | 2 4 |  4.5
Earth Magic    | 5 8 9 |  9.9
Shields        | 4 |  4.0
Staves         | 2 |  2.1
Stealth        | |  2.4

Action                   |  1- 3 |  4- 6 |  7- 9 | 10-12 | 13-15 || total
-------------------------+-------+-------+-------+-------+-------++-------
Melee: Quarterstaff      |       |       |     2 |       |       ||     2
       Flail             |       |       |    30 |    13 |    33 ||    76
       Staff             |       |       |       |       |    39 ||    39
 Cast: Flame Tongue      |    34 |    50 |   101 |   176 |   150 ||   511
       Throw Flame       |    25 |    51 |   123 |   166 |   148 ||   513
       Sticky Flame      |       |    11 |    10 |    57 |    69 ||   147
       Conjure Flame     |       |     3 |     2 |     6 |    10 ||    21
       Fireball          |       |       |    22 |    86 |   321 ||   429
       Magic Dart        |       |       |       |    20 |       ||    20
       Mephitic Cloud    |       |       |       |     3 |     4 ||     7
       Blink             |       |       |       |     7 |     8 ||    15
       Airstrike         |       |       |       |     7 |     7 ||    14
       Bolt of Magma     |       |       |       |    10 |    25 ||    35
       Iron Shot         |       |       |       |       |   191 ||   191
       Ignition          |       |       |       |       |     2 ||     2
Evoke: Wand              |       |       |       |       |     1 ||     1
  Use: Scroll            |       |     4 |    10 |    16 |    15 ||    45
       Potion            |       |     2 |       |     5 |     3 ||    10
 Stab: Sleeping          |       |       |       |       |     1 ||     1
  Eat: Chunk             |     3 |    12 |    17 |    28 |    52 ||   112
       Ration            |       |       |     3 |     2 |     7 ||    12
Armor: Robe              |     2 |     8 |     4 |    14 |    38 ||    66
       Leather armour    |       |       |     1 |     8 |       ||     9
       Acid dragon scale |       |       |       |       |    24 ||    24
Dodge: Dodged            |     3 |    25 |    27 |   118 |   210 ||   383
       Deflected         |       |       |       |     6 |     6 ||    12
Block: Other             |       |       |       |       |    10 ||    10
       Reflection        |       |       |       |       |     8 ||     8
       Buckler           |       |       |       |       |    52 ||    52
